AoeStats
← maradona10

Arabia

504471339Analyzed
1v1 RM · 26d ago on Sep 5, 2026· 52m 37s· 2 players
Game mode
Random Map
Map size
Tiny (2 player)
Population
200
Speed
Normal
Resources
Standard
Victory
Conquest
Starting age
Dark Age
Ending age
Imperial Age
RankedLock teamsTeams togetherTeam positionsShared explorationLock speedFull tech treeHidden civsTurbo modeCheats
Victory
Defeat
🇪🇸 Magyars · Spain
1121
+17
🇬🇧 Ethiopians · United Kingdom
1144
-17
maradona10
7:22 Loom
8:16 Loom
10:30 Feudal Age
11:38 Double-Bit Axe
18:16 Castle Age
16:34 Fletching
16:41 Horse Collar
17:34 Gold Mining
18:04 Padded Archer Armor
19:10 Bodkin Arrow
19:24 Husbandry
22:29 Elite Skirmisher
23:54 Leather Archer Armor
25:58 Bloodlines
29:49 Ballistics
34:25 Scale Barding Armor
36:46 Wheelbarrow
36:52 Heavy Plow
37:02 Bow Saw
37:26 Chain Barding Armor
43:13 Imperial Age
42:23 Thumb Ring
43:17 Light Cavalry
44:03 Corvinian Army
45:15 Conscription
45:21 Town Watch
45:53 Hand Cart
45:45 Bracer
47:30 Chemistry
46:36 Siege Engineers
45:59 Light Cavalry
46:14 Cavalier
48:54 Plate Barding Armor
48:50 Ring Archer Armor
49:25 Paladin
HighGaiN
7:03 Loom
9:12 Feudal Age
9:43 Double-Bit Axe
16:12 Horse Collar
20:40 Castle Age
19:25 Fletching
20:09 Padded Archer Armor
20:58 Crossbowman
22:37 Bodkin Arrow
24:17 Gold Mining
24:28 Elite Skirmisher
25:15 Thumb Ring
25:48 Town Watch
29:49 Bow Saw
30:33 Heavy Plow
36:06 Wheelbarrow
35:35 Town Patrol
38:26 Imperial Age
37:24 Ballistics
38:39 Leather Archer Armor
39:12 Squires
38:58 Arson
39:41 Hand Cart
40:29 Two-Man Saw
40:40 Chemistry
40:54 Arbalester
45:44 Bracer
47:36 Conscription
47:42 Halberdier
51:41 Ring Archer Armor
51:12 Scale Mail Armor
Connection lost

Rejoining the realm…

Still unreachable

The connection could not be restored.

Session expired

The server has moved on; the page needs a fresh start.